 Dungeon Crawl Stone Soup version 0.29-a0-322-g68df515428 (webtiles) character file.

Game seed: 12989418076410793020

334 zishaf the Ruffian (level 6, -32/62 HPs)
             Began as a Troll Delver on Apr 5, 2022.
             Was a Believer of Wu Jian.
             Annihilated by a two-headed ogre
             ... wielding a +0 giant spiked club
              (38 damage)
             ... on level 5 of the Dungeon.
             The game lasted 00:03:57 (2396 turns).

zishaf the Ruffian (Troll Delver)                   Turns: 2396, Time: 00:03:57

Health: -32/62     AC:  4    Str: 23    XL:     6   Next: 27%
Magic:  5/5        EV:  9    Int:  6    God:    Wu Jian [**....]
Gold:   225        SH:  0    Dex: 11    Spells: 5/5 levels left

rFire   . . .      SeeInvis .     - Unarmed
rCold   . . .      Faith    .   (no shield)
rNeg    . . .      Spirit   .   a - +0 robe
rPois   .          Reflect  .   (helmet restricted)
rElec   .          Harm     .   (no cloak)
rCorr   +          Rampage  .   (gloves unavailable)
Will    .....                   (boots unavailable)
Stlth   ++........              w - amulet of regeneration
HPRegen 1.80/turn               x - ring of resist corrosion
MPRegen 0.09/turn               (no ring)

@: no status effects
A: large, unfitting armour, claws 3, regeneration 1, shaggy fur 1, tough skin 1
a: Renounce Religion, Wall Jump


You were on level 5 of the Dungeon.
You worshipped Wu Jian.
Wu Jian was pleased with you.
You visited 1 branch of the dungeon, and saw 5 of its levels.

You collected 225 gold pieces.

Inventory:

Missiles
 g - 5 poisoned darts (quivered)
Armour
 a - a +0 robe (worn)
Jewellery
 w - an amulet of regeneration (around neck)
 x - a ring of resist corrosion (left claw)
Wands
 f - a wand of digging (3)
 h - a wand of flame (40)
Scrolls
 b - 4 scrolls of fog
 c - 2 scrolls of magic mapping
 d - a scroll of fear
 j - 2 scrolls of teleportation {unknown}
 l - 2 scrolls of enchant weapon {unknown}
 m - 3 scrolls of identify {unknown}
 q - a scroll of holy word {unknown}
 r - a scroll of noise {unknown}
 s - a scroll of enchant armour {unknown}
 v - a scroll of blinking {unknown}
Potions
 e - 2 potions of haste
 i - 4 potions of curing {unknown}
 k - 2 potions of degeneration {unknown}
 n - 5 potions of heal wounds {unknown}
 o - a potion of berserk rage {unknown}
 p - a potion of attraction {unknown}
 t - a potion of mutation {unknown}
 u - a potion of flight {unknown}


   Skills:
 + Level 3.9 Fighting
 - Level 1.5 Dodging
 - Level 2.7 Stealth
 * Level 5.6 Unarmed Combat


You had 5 spell levels left.
You didn't know any spells.
Your spell library contained the following spells:

 Spells                   Type           Power      Damage    Failure   Level
 Confusing Touch          Hex            0%         N/A       83%         3
 Stone Arrow              Conj/Erth      0%         3d7       83%         3
 Animate Armour           Summ/Erth      0%         N/A       99%         4
 Petrify                  Tmut/Erth      0%         N/A       99%         4
 Metabolic Englaciation   Hex/Ice        0%         N/A       100%        5
 Yara's Violent Unravell  Hex/Tmut       0%         3d3       100%        5
 Statue Form              Tmut/Erth      0%         N/A       100%        6
 Enfeeble                 Hex            0%         N/A       100%        7
 Lehudib's Crystal Spear  Conj/Erth      0%         10d2      100%        8


Dungeon Overview and Level Annotations

Branches:
Dungeon (5/15)
 Temple: D:4-7

Altars:
Trog
Wu Jian
The Shining One


Innate Abilities, Weirdness & Mutations

You are too large for most types of armour.
You have claws for hands.
Your natural rate of healing is unusually fast.
You are covered in fur. (AC +1)
You have tough skin. (AC +1)


Message History

The helpless orc fails to defend itself.
You scratch the orc.
The orc is moderately wounded.
The orc hits you but does no damage.
You claw the orc!
You kill the orc!
The Council accepts your kill.
The two-headed ogre shouts in stereo!
You scratch the two-headed ogre.
The two-headed ogre is lightly wounded.
The two-headed ogre barely misses you.
The two-headed ogre hits you with a +0 giant club.
You claw the two-headed ogre!
The two-headed ogre is moderately wounded.
You scratch the two-headed ogre.
The two-headed ogre is moderately wounded.
The two-headed ogre barely misses you. The two-headed ogre closely misses you.
You barely miss the two-headed ogre.
The two-headed ogre is moderately wounded.
The two-headed ogre hits you with a +0 giant spiked club!
The two-headed ogre barely misses you.
You claw the two-headed ogre!
The two-headed ogre is severely wounded.
You claw the two-headed ogre!
The two-headed ogre is severely wounded.
The two-headed ogre barely misses you. The two-headed ogre closely misses you.
You scratch the two-headed ogre.
The two-headed ogre is severely wounded.
You barely miss the two-headed ogre.
The two-headed ogre is severely wounded.
The two-headed ogre hits you with a +0 giant spiked club!!
The two-headed ogre hits you with a +0 giant club!!
* * * LOW HITPOINT WARNING * * *
You are too injured to fight recklessly!
You are too injured to fight recklessly!
You scratch the two-headed ogre. You claw the two-headed ogre!
The two-headed ogre is almost dead.
The two-headed ogre hits you with a +0 giant spiked club!!!
Ouch! That really hurt!
You die...

#########
#####.......#
........#..#
#.........#
#....#....#
#....#....#
#..(<.@O..#
##........#
.............>.#
#.##.#.#.#......
# .....#.##.#...
####..#.. ....#
#.##.## ...# #.
... ...


You could see a two-headed ogre.

Vanquished Creatures
  A bullfrog (D:5)
  A scorpion (D:5)
  A hound (D:5)
  Ijyb (D:4)
  7 adders
  2 worms
  2 dart slugs
  3 orcs
  6 ball pythons
  9 endoplasms
  3 giant cockroaches
  10 goblins
  2 hobgoblins (D:3)
  6 jackals
  2 quokkas
  6 bats
  3 frilled lizards
  7 kobolds
  4 rats
76 creatures vanquished.

Notes
Turn   | Place    | Note
-------+----------+-------------------------------------------
     0 | D:5      | zishaf the Troll Delver began the quest for the Orb.
     0 | D:5      | Reached XP level 1. HP: 22/22 MP: 0/0
    18 | D:5      | Noticed a bullfrog
    27 | D:5      | Killed a bullfrog
    28 | D:5      | Reached skill level 3 in Unarmed Combat
    28 | D:5      | Reached XP level 2. HP: 25/31 MP: 1/1
    28 | D:5      | Reached XP level 3. HP: 30/37 MP: 2/2
    33 | D:5      | Noticed a scorpion
    44 | D:5      | Killed a scorpion
    45 | D:5      | Reached skill level 4 in Unarmed Combat
    45 | D:5      | Reached XP level 4. HP: 36/45 MP: 3/3
    50 | D:4      | Noticed Ijyb
    58 | D:4      | Killed Ijyb
    59 | D:4      | Reached XP level 5. HP: 38/53 MP: 4/4
   273 | D:3      | Found a faded altar of an unknown god.
   372 | D:3      | Prayed at the altar of an unknown god.
   372 | D:3      | Became a worshipper of the Wu Jian Council
   372 | D:3      | Reached * piety under Wu Jian
   414 | D:2      | Reached skill level 5 in Unarmed Combat
  1079 | D:2      | Reached ** piety under Wu Jian
  1185 | D:2      | Found a bloodstained altar of Trog.
  1296 | D:2      | Reached XP level 6. HP: 62/62 MP: 5/5
  1478 | D:3      | Found a glowing golden altar of the Shining One.
  2384 | D:5      | Noticed a two-headed ogre
  2396 | D:5      | Annihilated by a two-headed ogre

Illustrated notes

Levels and vault maps discovered:
D:1:      dpeg_arrival_leaves_temple_mockup, layout_basic
D:2:      minmay_door_path, layout_basic, basic_altar, grunt_ministairs_7
D:3:      layout_rooms, mainiacjoe_overflow_small_starburst,
          hellmonk_ecumenical_altar_inner_sanctum, nrook_mini_vaults,
          kennysheep_path_1
D:4:      layout_basic, chequers_serial_rivers_large_b, uniq_ijyb
D:5:      layout_basic, fedhas_altar_1, grunt_temple_overflow_diamond,
          lemuel_round_altar, minmay_misc_feat_rows, kennysheep_generic_room_16

Skill      XL: |  1  2  3  4  5 |
---------------+----------------+-----
Fighting       | 3 |  3.9
Unarmed Combat | 3 4 5 |  5.6
Dodging        | |  1.5
Stealth        | |  2.7

Action                   |  1- 3 |  4- 6 || total
-------------------------+-------+-------++-------
Melee: Unarmed           |    12 |   163 ||   175
       Punch             |       |     9 ||     9
Invok: Lunge             |       |    22 ||    22
 Stab: Sleeping          |       |    18 ||    18
Armor: Robe              |     2 |    60 ||    62
Dodge: Dodged            |     6 |    67 ||    73

Table legend: (Time is in decaauts)
 A = Elapsed time spent in this place.
 B = Non-inter-level travel time spent in this place.
 C = Inter-level travel time spent in this place.
 D = Time resting spent in this place.
 E = Time spent auto-exploring this place.
 F = Levels seen in this place.
 G = Mean time per level.
                   A        B        C        D        E       F      G
               +--------+--------+--------+--------+--------+-----+--------+
         Total |   2432 |   2357 |     75 |     33 |   1834 |   5 |  486.4 |
       Dungeon |   2432 |   2357 |     75 |     33 |   1834 |   5 |  486.4 |
               +--------+--------+--------+--------+--------+-----+--------+

Top non-repeatable levels by time:
     D:4: 742 daAuts
     D:3: 533 daAuts
     D:1: 530 daAuts
     D:2: 512 daAuts
     D:5: 112 daAuts
